AoeStats
← J8S

Hideout

508877353Analyzed
1v1 RM · 8d ago on Sep 24, 2026· 38m 46s· 2 players
Game mode
Random Map
Map size
Tiny (2 player)
Population
200
Speed
Normal
Resources
Standard
Victory
Conquest
Starting age
Dark Age
Ending age
Imperial Age
RankedLock teamsTeams togetherTeam positionsShared explorationLock speedFull tech treeHidden civsTurbo modeCheats
Victory
Defeat
🇳🇱 Byzantines · Netherlands
1599
+14
🇦🇷 Mongols · Argentina
1554
-14
Richard Lee
5:09 Loom
8:48 Feudal Age
8:53 Man-at-Arms
9:32 Double-Bit Axe
9:49 Horse Collar
14:38 Wheelbarrow
19:01 Castle Age
17:21 Gold Mining
17:51 Scale Barding Armor
17:56 Forging
18:35 Bloodlines
18:45 Forging
19:54 Bow Saw
23:44 Light Cavalry
27:32 Stone Mining
28:17 Gold Shaft Mining
33:40 Imperial Age
33:08 Chain Barding Armor
32:40 Fletching
32:50 Padded Archer Armor
33:25 Iron Casting
33:13 Hand Cart
33:07 Town Watch
33:46 Ballistics
34:23 Bodkin Arrow
34:35 Husbandry
34:10 Hussar
35:53 Parthian Tactics
35:56 Leather Archer Armor
36:44 Chemistry
36:34 Conscription
37:02 Bracer
J8S
7:18 Loom
9:30 Feudal Age
13:23 Horse Collar
13:29 Double-Bit Axe
14:20 Fletching
20:31 Castle Age
21:46 Bow Saw
21:50 Bodkin Arrow
24:37 Heavy Plow
29:45 Scale Barding Armor
29:50 Forging
33:48 Imperial Age
31:55 Wheelbarrow
33:32 Husbandry
33:53 Chain Barding Armor
34:06 Stone Mining
34:07 Gold Mining
33:59 Heavy Camel Rider
35:24 Plate Barding Armor
36:12 Capped Ram
37:11 Elite Skirmisher
37:11 Elite Skirmisher
38:26 Bracer
Connection lost

Rejoining the realm…

Still unreachable

The connection could not be restored.

Session expired

The server has moved on; the page needs a fresh start.